 Dungeon Crawl Stone Soup version 0.31-a0-557-g6e16503903 (webtiles) character file.

Game seed: 12087321201758447607

21016 Xavori the Covert (level 12, 5/81 HPs)
             Began as an Octopode Chaos Knight on Aug 17, 2023.
             Was a Plaything of Xom.
             Quit the game on level 2 of the Lair of Beasts.
             The game lasted 00:23:01 (23541 turns).

Xavori the Covert (Octopode Chaos Knight)          Turns: 23541, Time: 00:23:03

Health: 5/81       AC:  1    Str: 15    XL:     12   Next: 85%
Magic:  12/12      EV: 28    Int: 13    God:    Xom [....*.]
Gold:   757        SH: 13    Dex: 18    Spells: 11/11 levels left

rFire   + + .        C - +3 short sword (protect)
rCold   + + .        f - +1 buckler
rNeg    + . .        (helmet restricted)
rPois   +            H - amulet of reflection
rElec   +            q - +5 ring of evasion
rCorr   +            s - +5 ring of evasion
SInv    +            t - ring of willpower
Will    +....        L - ring of see invisible
Stlth   ++++++       N - ring of positive energy
HPRegen 0.33/turn    (no ring)
MPRegen 0.13/turn    (no ring)
                     (no ring)

%: reflection
@: mighty, resistant, frozen, on berserk cooldown, slowed, invisible, very slow
A: almost no armour, amphibious, 8 rings, camouflage 1, gelatinous body 1,
(nimble swimmer 1), tentacles, agile 1, cold resistance 1, fire resistance 1,
sense surroundings 1, electricity resistance, strong 1, wild magic 1, inability
to drink after injury 1, inability to read after injury 1
a: Renounce Religion


You were on level 2 of the Lair of Beasts.
You worshipped Xom.
You were a beloved toy of Xom.
You visited 2 branches of the dungeon, and saw 13 of its levels.
You also visited: Ice Cave.

You collected 852 gold pieces.
You spent 95 gold pieces at shops.

Inventory:

Hand Weapons
 a - a +0 short sword of chaos
 d - a +0 club
 e - a +2 dagger of speed
 C - a +3 short sword of protection (weapon)
Missiles
 E - 2 throwing nets
Armour
 f - a +1 buckler (worn)
Jewellery
 q - a +5 ring of evasion (left tentacle)
 s - a +5 ring of evasion (right tentacle)
 t - a ring of willpower (on tentacle)
 v - an amulet of guardian spirit
 H - an amulet of reflection (around mantle)
 L - a ring of see invisible (on tentacle)
 N - a ring of positive energy (on tentacle)
Talismans
 c - a blade talisman
 O - a maw talisman
Wands
 u - a wand of polymorph (7)
 A - a wand of roots (6)
 F - a wand of mindburst (16)
 M - a wand of flame (17)
Scrolls
 b - a scroll of butterflies
 j - a scroll of immolation
 o - a scroll of blinking
 p - 9 scrolls of teleportation
 y - a scroll of poison
 B - 2 scrolls of fog
 D - a scroll of revelation
 I - a scroll of identify
 K - 2 scrolls of enchant armour
 P - a scroll of enchant weapon
Potions
 g - 2 potions of haste
 i - 3 potions of curing
 l - a potion of attraction
 m - 3 potions of heal wounds
 n - a potion of enlightenment
 r - 2 potions of lignification
 w - a potion of ambrosia
 x - 2 potions of invisibility
 z - a potion of magic
 G - a potion of brilliance
 J - 2 potions of mutation
 Q - a potion of resistance
Miscellaneous
 R - a phial of floods (inert)


   Skills:
 + Level 7.4 Fighting
 + Level 10.2 Short Blades
 + Level 9.6 Dodging
 + Level 11.1 Stealth
 + Level 8.5 Shields
 + Level 1.3 Evocations
 * Level 7.9 Shapeshifting


You had 11 spell levels left.
You didn't know any spells.
Your spell library contained the following spells:

 Spells                   Type           Power      Damage    Failure   Level
 Foxfire                  Conj/Fire      0%         2x1d4     45%         1
 Dazzling Flash           Conj/Hex       0%         N/A       82%         3
 Hailstorm                Conj/Ice       0%         3d3       82%         3
 Ozocubu's Armour         Ice            0%         N/A       82%         3
 Volatile Blastmotes      Fire/Tloc      0%         2d10      82%         3
 Fulminant Prism          Conj/Hex       0%         3d5       99%         4
 Iskenderun's Mystic Bla  Conj/Tloc      0%         2d3       99%         4
 Summon Ice Beast         Ice/Summ       0%         N/A       99%         4
 Agony                    Necr           0%         N/A       100%        5
 Iskenderun's Battlesphe  Conj           0%         2d6       100%        5
 Silence                  Hex/Air        0%         N/A       100%        5
 Leda's Unmaking          Conj/Erth      0%         9d1       100%        6
 Plasma Beam              Fire/Air       0%         2x1d10    100%        6
 Simulacrum               Ice/Necr       0%         N/A       100%        6
 Starburst                Conj/Fire      0%         6d3       100%        6
 Ozocubu's Refrigeration  Ice            0%         4d7       100%        7
 Spellforged Servitor     Conj/Summ      0%         N/A       100%        7


Dungeon Overview and Level Annotations

Branches:
Dungeon (11/15)            Temple (0/1) D:7            Lair (2/5) D:8
  Swamp (0/4) Lair:2       Spider (0/4) Lair:2        IceCv (visited)
    Orc: D:9-12

Altars:
Cheibriados
Ru
Xom

Shops:
D:1 *=[(!   D:5 !   D:10 [

Annotations:
D:4 Natasha


Innate Abilities, Weirdness & Mutations

You cannot wear most types of armour.
You are amphibious.
You can wear up to eight rings at the same time.
Your skin changes colour to match your surroundings (Stealth+).
Your rubbery body absorbs attacks. (AC +1, EV +1)
((You are camouflaged when in or above water. (Stealth+)))
You have tentacles for arms and can constrict up to eight enemies at once.
You are agile. (Dex +4, Str/Int -1)
Your flesh is cold resistant. (rC+)
Your flesh is heat resistant. (rF+)
You passively map a small area around you.
You are resistant to electric shocks. (rElec)
Your muscles are strong. (Str +4, Int/Dex -1)
Your spells are a little harder to cast, but a little more powerful.
You occasionally lose the ability to drink potions when taking damage.
You occasionally lose the ability to read scrolls when taking damage.


Message History

You catch the helpless yak completely off-guard!
You skewer the yak like a kebab!!!
Your weapon exudes an aura of protection.
You kill the yak!
Aiming: Mindburst
Press: ? - help, Shift-Dir - straight line, f - ironbound frostheart
Aim: an ironbound frostheart, wearing a +0 scale mail (chance to affect: 52%)
The wolf's mind is blasted!!
You blow up the wolf!
You hear a bellow!
The ironbound frostheart calls freezing cold from the walls.
The frost grips you! You resist.
You are encased in ice.
The death yak bellows!
The ironbound frostheart calls freezing cold from the walls.
The frost grips you! You resist.
Xom smirks.
You detect items!
You are now a beloved toy of Xom.
The ironbound frostheart calls freezing cold from the walls.
The frost grips you! You resist.
* * * LOW HITPOINT WARNING * * *
The death yak bellows!
Unknown command.
The ice encasing you melts away.
The ironbound frostheart calls freezing cold from the walls.
The frost grips you! You resist.
* * * LOW HITPOINT WARNING * * *
You are encased in ice.
There is an ice covered gate leading back out of this place here.
Unknown command.
The ironbound frostheart calls freezing cold from the walls.
The frost grips you! You resist.
* * * LOW HITPOINT WARNING * * *
You hear a bellow!
Welcome back to the Lair of Beasts!
You hear a loud, deep croak!
There is a collapsed entrance here.
Unknown command.
Are you sure you want to abandon this character and quit the game? (Confirm with "yes".)

....*,,,,,,,,,,,,,,,,,,*
##*,,,,,.......,....h.#*
#**,,*,...............#
.###,,,.............P.#
#..#####......P#......#
.....P..#..........h..#
#..#............#.....#
#...................#**
............#.#.@.#.#
............#.......#*
...########.#.#.#....#*
...# #.........#.# #..#*
##..#..#...## ....*
###.#..)..# ....*
*####..## ...,* *..#
,,,** **##


You could see 2 wolves.

Vanquished Creatures
  Snorg (D:10)
  A hydra (D:10)
  Erolcha (D:9)
  A two-headed ogre (D:8)
  Erica (D:9)
  A black mamba (Lair:1)
  7 cane toads
  6 komodo dragons
  A rime drake (Lair:1)
  The ghost of randomguy2701 the Reanimator, a novice DENe (D:5)
  A troll (D:10)
  A hornet (D:8)
  A polar bear (Lair:1)
  8 blink frogs (Lair:1)
  2 wyverns
  34 yaks
  A hog (shapeshifter) (D:10)
  2 basilisks
  A steam dragon (D:8)
  2 water moccasins (Lair:1)
  4 orc warriors
  3 sky beasts
  5 black bears
  3 ogres
  5 wolves
  3 centaurs
  2 phantoms (D:5)
  6 kobold brigands
  7 bullfrogs
  3 scorpions
  2 gnoll sergeants
  7 wights
  19 killer bees
  2 howler monkeys
  4 hounds
  A jelly (D:5)
  8 orc priests
  A gnoll bouda (D:9)
  4 sleepcaps
  4 iguanas
  9 orc wizards
  Natasha (D:4)
  A mummy (D:3)
  Robin (D:4)
  8 gnolls
  An adder (D:5)
  3 river rats (D:6)
  3 shadow imps
  A white imp (D:5)
  An ufetubus (D:6)
  A dart slug (D:2)
  A worm (D:2)
  39 orcs
  3 endoplasms (D:1)
  3 giant cockroaches
  10 goblins
  7 hobgoblins
  32 kobolds
  4 quokkas
  A ball python (D:1)
  7 bats
  2 frilled lizards
  8 rats
314 creatures vanquished.

Vanquished Creatures (collateral kills)
  Jeremiah (D:8)
  A yak (Lair:1)
  A wight (D:6)
  A river rat (D:6)
4 creatures vanquished.

Vanquished Creatures (others)
  A yak (Lair:1)
  An ogre (D:5)
  A bullfrog (Lair:2)
  2 scorpions (D:5)
  An orc wizard (D:5)
  An ufetubus (D:5)
  2 orcs (D:5)
9 creatures vanquished.

Grand Total: 327 creatures vanquished

Notes
Turn   | Place    | Note
-------+----------+-------------------------------------------
     0 | D:1      | Xavori the Octopode Chaos Knight began the quest for the
                  | Orb.
     0 | D:1      | Reached XP level 1. HP: 16/16 MP: 1/1
    15 | D:1      | Found Tegyri's Antique Armour Shoppe.
    32 | D:1      | Found Jaeluz's Jewellery Emporium.
    71 | D:1      | XOM: silly message
   168 | D:1      | Found Vurod's Weapon Emporium.
   254 | D:1      | Reached XP level 2. HP: 21/21 MP: 2/2
   288 | D:1      | XOM: silly message
   329 | D:1      | Found Cicelah's Distillery.
   378 | D:1      | XOM: silly message
   561 | D:1      | Bought a potion of degeneration for 10 gold pieces
   561 | D:1      | Bought a potion of curing for 30 gold pieces
   565 | D:1      | XOM: silly message
   625 | D:1      | Found Adgheaxeg's Assorted Antiques.
   858 | D:2      | Reached XP level 3. HP: 12/26 MP: 3/3
  1489 | D:2      | XOM: silly message
  2380 | D:1      | XOM is BORED!
  2826 | D:1      | XOM: silly message
  2927 | D:1      | XOM: silly message
  2961 | D:1      | XOM: silly message
  3072 | D:1      | XOM: divination: detect creatures
  4678 | D:1      | XOM is BORED!
  5970 | D:1      | XOM: silly message
  6033 | D:1      | XOM: summons 2 hostile shadow creatures
  6466 | D:1      | XOM: scenery: summon butterflies
  7343 | D:1      | XOM: god gift: sling {god gift}
  7689 | D:1      | XOM: god gift: scroll of blinking
  8037 | D:1      | XOM: give mutations
  8037 | D:1      | Gained mutation: You have hidden genetic potential. [Xom's
                  | mischief]
  8037 | D:1      | Gained mutation: Your spells are a little harder to cast,
                  | but a little more powerful. [Xom's mischief]
  8037 | D:1      | Gained mutation: You are weak. (Str -2) [Xom's mischief]
  8037 | D:1      | Gained mutation: You have great hidden genetic potential.
                  | [Xom's mischief]
  8235 | D:1      | XOM is BORED!
  8235 | D:1      | XOM: give mutations
  8235 | D:1      | Gained mutation: You occasionally lose the ability to read
                  | scrolls when taking damage. [Xom's mischief]
  8235 | D:1      | Gained mutation: Your flesh is cold resistant. (rC+) [Xom's
                  | mischief]
  8235 | D:1      | Gained mutation: You are covered in fur. (AC +1) [Xom's
                  | mischief]
  8617 | D:1      | XOM: scenery: summon butterflies
  9604 | D:1      | XOM: summons 2 hostile demons
  9632 | D:2      | XOM: give mutations
  9632 | D:2      | Lost mutation: You have great hidden genetic potential.
                  | [Xom's mischief]
  9632 | D:2      | Lost mutation: Your spells are a little harder to cast, but
                  | a little more powerful. [Xom's mischief]
 10681 | D:1      | XOM: silly message
 11110 | D:3      | Reached skill level 1 in Stealth
 11541 | D:3      | Found a snail-covered altar of Cheibriados.
 11549 | D:3      | Reached XP level 4. HP: 31/31 MP: 4/4
 11601 | D:3      | XOM is BORED!
 11752 | D:4      | Noticed Natasha
 11759 | D:4      | Killed Natasha
 11760 | D:4      | Reached skill level 2 in Stealth
 11761 | D:4      | Gained mutation: You passively map a small area around you.
                  | [hidden potential]
 11766 | D:4      | Noticed a scorpion
 11773 | D:4      | Killed a scorpion
 11774 | D:4      | Reached skill level 3 in Stealth
 11774 | D:4      | Reached skill level 1 in Shapeshifting
 11774 | D:4      | Reached XP level 5. HP: 36/36 MP: 5/5
 11784 | D:4      | Reached skill level 4 in Stealth
 11790 | D:4      | Gained mutation: You are partially covered in iridescent
                  | scales. (AC +2) [hidden potential]
 11790 | D:4      | Lost mutation: You have hidden genetic potential. [hidden
                  | potential expressed]
 12094 | D:4      | You fall into a shaft and drop 3 floors!
 12094 | D:7      | Found a staircase to the Ecumenical Temple.
 12103 | D:7      | XOM: summons 3 hostile shadow creatures
 12106 | D:7      | Noticed a kobold brigand
 12128 | D:7      | Noticed a sky beast
 12146 | D:6      | Reached XP level 6. HP: 20/42 MP: 6/6
 12358 | D:6      | Noticed an orc warrior
 12362 | D:6      | XOM: summons friendly crimson imp
 12364 | D:6      | XOM: 4-stop teleportation journey
 12531 | D:6      | Noticed a sky beast
 12572 | D:6      | Killed a sky beast
 12573 | D:6      | Reached skill level 5 in Stealth
 12676 | D:6      | Reached skill level 6 in Stealth
 12676 | D:6      | Reached XP level 7. HP: 29/47 MP: 7/7
 12758 | D:6      | XOM: potion effect (haste)
 12775 | D:6      | Reached skill level 1 in Shields
 12787 | D:6      | Reached skill level 5 in Short Blades
 12849 | D:6      | Found a sacrificial altar of Ru.
 12853 | D:5      | Entered Level 5 of the Dungeon
 12855 | D:5      | XOM: divination: magic mapping
 12860 | D:5      | XOM: fog
 12864 | D:5      | XOM: divination: magic mapping
 12996 | D:4      | Reached XP level 8. HP: 54/54 MP: 8/8
 12996 | D:4      | Noticed Robin
 13010 | D:4      | Killed Robin
 13033 | D:4      | XOM: summons friendly quasit
 13037 | D:4      | Reached skill level 7 in Stealth
 13107 | D:4      | XOM: give mutations
 13107 | D:4      | Gained mutation: You are agile. (Dex +4, Str/Int -1) [Xom's
                  | grace]
 13107 | D:4      | Gained mutation: You are partially covered in large bone
                  | plates. (SH +4) [Xom's grace]
 13107 | D:4      | Gained mutation: Your flesh is heat resistant. (rF+) [Xom's
                  | grace]
 13107 | D:4      | Gained mutation: You are somewhat resistant to further
                  | mutation. [Xom's grace]
 13406 | D:4      | Noticed Natasha
 13505 | D:4      | XOM: 1-stop teleportation journey
 13680 | D:4      | XOM: scenery: create altars
 13731 | D:4      | XOM: scenery: summon butterflies
 13771 | D:4      | XOM: god gift: rapier {god gift}
 13804 | D:5      | XOM: divine lightning
 13806 | D:5      | XOM: give mutations
 13806 | D:5      | Gained mutation: Your flesh is very cold resistant. (rC++)
                  | [Xom's grace]
 13806 | D:5      | Gained mutation: Your spells are a little harder to cast,
                  | but a little more powerful. [Xom's grace]
 13806 | D:5      | Gained mutation: You are mostly covered in iridescent
                  | scales. (AC +4) [Xom's grace]
 13806 | D:5      | Gained mutation: You possess an exceptional clarity of
                  | mind. [Xom's grace]
 13818 | D:5      | XOM: fog
 13833 | D:5      | XOM: fake destruction
 13838 | D:5      | XOM: confuse monster(s)
 13844 | D:5      | XOM: polymorph ice beast -> basilisk
 13847 | D:5      | XOM: 2-stop teleportation journey
 13888 | D:5      | XOM: chaos cloud
 13931 | D:5      | XOM: chaos cloud
 13933 | D:5      | Paralysed by you for 2 turns
 14055 | D:5      | XOM: 3-stop teleportation journey
 14059 | D:5      | Found Xuedyhao's Distillery.
 14065 | D:5      | Bought a potion of heal wounds for 55 gold pieces
 14082 | D:5      | XOM: silly message
 14220 | D:5      | Found a runed translucent gate.
 14222 | D:5      | Found a runed translucent gate.
 14222 | D:5      | Found a runed translucent gate.
 14222 | D:5      | Noticed randomguy2701's ghost (novice DENe)
 14250 | D:5      | XOM: 1-stop teleportation journey
 14337 | D:5      | Reached XP level 9. HP: 59/59 MP: 9/9
 14511 | D:5      | XOM: silly message
 14571 | D:5      | XOM: silly message
 14582 | D:5      | Killed randomguy2701's ghost
 14583 | D:5      | Reached skill level 8 in Stealth
 14642 | D:5      | XOM: chaos cloud
 14645 | D:5      | Paralysed by you for 4 turns
 14645 | D:5      | XOM: noise
 14811 | D:6      | Reached skill level 5 in Fighting
 15051 | D:6      | XOM: divination: detect creatures
 15520 | D:7      | XOM: cloud trail
 15546 | D:7      | Reached skill level 5 in Dodging
 15627 | D:7      | XOM: cleaving
 15643 | D:7      | XOM: enchant monster (good)
 15799 | D:7      | XOM: 4-stop teleportation journey
 15845 | D:7      | XOM: god gift: 52 gold pieces
 15901 | D:7      | Reached skill level 9 in Stealth
 16268 | D:8      | Found a staircase to the Lair.
 16275 | D:8      | XOM: enchant monster (good)
 16282 | D:8      | Reached XP level 10. HP: 66/66 MP: 10/10
 16317 | D:8      | XOM: enchant monster (bad)
 16322 | D:8      | Reached skill level 5 in Shapeshifting
 16329 | D:8      | XOM: give mutation
 16329 | D:8      | Lost mutation: You are agile. (Dex +4, Str/Int -1) [Xom's
                  | mischief]
 16573 | D:8      | XOM: enchant monster (good)
 16605 | D:8      | Reached skill level 5 in Shields
 16666 | D:8      | XOM: polymorph sleepcap -> sleepcap
 16759 | D:8      | Noticed a two-headed ogre
 16759 | D:8      | XOM: 2-stop teleportation journey
 17224 | D:8      | XOM: noise
 17245 | D:8      | Killed a two-headed ogre
 17369 | D:8      | Noticed Jeremiah
 17382 | D:8      | XOM: polymorph butterfly -> hobgoblin
 17405 | D:8      | XOM: summons friendly white imp
 17423 | D:8      | XOM: smoke on damage
 17424 | D:8      | Killed Jeremiah
 17769 | D:8      | XOM: give mutations
 17769 | D:8      | Lost mutation: You possess an exceptional clarity of mind.
                  | [Xom's mischief]
 17769 | D:8      | Lost mutation: You are weak. (Str -2) [Xom's mischief]
 17769 | D:8      | Lost mutation: You are partially covered in large bone
                  | plates. (SH +4) [Xom's mischief]
 17769 | D:8      | Lost mutation: You are somewhat resistant to further
                  | mutation. [Xom's mischief]
 17979 | D:9      | XOM: enchant monster (good)
 18077 | D:9      | XOM: silly message
 18155 | D:9      | XOM: divination: detect items
 18157 | D:9      | XOM: divination: detect items
 18527 | D:9      | Noticed Erica
 18532 | D:9      | XOM: enchant monster (good)
 18555 | D:9      | XOM: 4-stop teleportation journey
 18684 | D:9      | XOM: butterfly on damage
 18849 | D:9      | XOM: confusion (+ monsters)
 18861 | D:9      | Reached XP level 11. HP: 39/72 MP: 11/11
 18865 | D:9      | Killed Erica
 18916 | D:9      | XOM: cloud trail
 19121 | D:9      | XOM: scenery: summon butterflies
 19315 | D:9      | XOM: potion effect (haste)
 19458 | D:9      | Reached skill level 1 in Evocations
 19478 | D:9      | XOM: cast spell 'Death Channel'
 19482 | D:9      | XOM: confuse monster(s)
 19535 | D:9      | XOM: cloud trail
 19712 | D:9      | Noticed Erolcha
 19718 | D:9      | Killed Erolcha
 19779 | D:10     | Entered Level 10 of the Dungeon
 19779 | D:10     | Noticed Snorg
 19789 | D:10     | Killed Snorg
 19790 | D:10     | Reached skill level 10 in Stealth
 19833 | D:10     | Noticed a seven-headed hydra
 19852 | D:10     | Killed a seven-headed hydra
 20109 | D:10     | Found a shimmering altar of Xom.
 20110 | D:10     | Found a shimmering altar of Xom.
 20110 | D:10     | Found a shimmering altar of Xom.
 20111 | D:10     | Found a shimmering altar of Xom.
 20112 | D:10     | Found a shimmering altar of Xom.
 20112 | D:10     | Found a shimmering altar of Xom.
 20157 | D:10     | XOM: confuse monster(s)
 20169 | D:10     | XOM: confuse monster(s)
 20200 | D:10     | XOM: noise
 20399 | D:10     | XOM: confuse monster(s)
 20402 | D:10     | Noticed Fannar
 20408 | D:10     | Fannar changed into Fannar the torpor snail
 20408 | D:10     | Noticed Fannar
 20408 | D:10     | XOM: polymorph Fannar -> Fannar the torpor snail
 20417 | D:10     | XOM: silly message
 20431 | D:10     | Fannar the torpor snail changed into Fannar the
                  | shapeshifter
 20431 | D:10     | Noticed Fannar (shapeshifter)
 20431 | D:10     | XOM: polymorph Fannar the torpor snail -> Fannar the
                  | shapeshifter
 20432 | D:10     | Fannar the shapeshifter changed into Fannar the hog
 20432 | D:10     | Noticed Fannar (shapeshifter)
 20436 | D:10     | Killed Fannar the hog
 20561 | D:10     | Found Makiosye's Antique Armour Boutique.
 20695 | D:10     | XOM: swap monsters
 20783 | D:10     | XOM: god gift: book of Power
 20879 | D:11     | Noticed a boulder beetle
 20993 | D:9      | XOM: enchant monster (bad)
 20995 | D:9      | XOM: cast spell 'Alistair's Intoxication'
 20998 | D:9      | XOM: potion effect (might)
 21005 | D:9      | XOM: divination: magic mapping
 21075 | Lair:1   | Entered Level 1 of the Lair of Beasts
 21082 | Lair:1   | XOM: potion effect (might)
 21111 | Lair:1   | XOM: cast spell 'Dispersal'
 21115 | Lair:1   | Reached XP level 12. HP: 81/81 MP: 12/12
 21172 | Lair:1   | XOM: silly message
 21175 | Lair:1   | XOM: summons friendly ufetubus
 21257 | Lair:1   | XOM: snakes to sticks
 21269 | Lair:1   | Reached skill level 11 in Stealth
 21366 | Lair:1   | XOM: give mutations
 21366 | Lair:1   | Gained mutation: You occasionally lose the ability to drink
                  | potions when taking damage. [Xom's mischief]
 21366 | Lair:1   | Lost mutation: You are mostly covered in iridescent scales.
                  | (AC +4) [Xom's mischief]
 21366 | Lair:1   | Lost mutation: You are partially covered in iridescent
                  | scales. (AC +2) [Xom's mischief]
 21422 | Lair:1   | XOM: butterfly on damage
 21428 | Lair:1   | XOM: summons 7 hostile demons
 21434 | Lair:1   | XOM: 7-stop teleportation journey
 21466 | Lair:1   | XOM: give mutation
 21466 | Lair:1   | Gained mutation: Your muscles are strong. (Str +4, Int/Dex
                  | -1) [Xom's grace]
 21517 | Lair:1   | Identified the +0 rapier of the World {drain, rN+ Int+4
                  | Stlth+}
 21531 | Lair:1   | XOM: destruction
 21537 | Lair:1   | XOM: polymorph yak -> polar bear
 21546 | Lair:1   | XOM: summons friendly shadow imp
 21563 | Lair:1   | XOM: scenery: create altars
 21571 | Lair:1   | XOM: cleaving
 21579 | Lair:1   | XOM: destruction
 21581 | Lair:1   | XOM: summons 2 friendly demons
 21584 | Lair:1   | XOM: enchant monster (bad)
 21591 | Lair:1   | XOM: enchant monster (bad)
 21719 | Lair:1   | XOM: draining
 21736 | Lair:1   | XOM: summons friendly ufetubus
 21755 | Lair:1   | XOM: enchant monster (bad)
 22008 | Lair:1   | XOM: summons 5 friendly demons
 22009 | Lair:1   | XOM: confuse monster(s)
 22024 | Lair:1   | Reached skill level 10 in Short Blades
 22062 | Lair:1   | XOM: scenery: summon butterflies
 22088 | Lair:1   | XOM: enchant monster (bad)
 22404 | Lair:1   | XOM: cloud trail
 22618 | Lair:1   | XOM: silly message
 22763 | Lair:2   | Noticed a boulder beetle
 22807 | Lair:2   | XOM: enchant monster (bad)
 22819 | Lair:2   | XOM: enchant monster (good)
 22838 | Lair:2   | XOM: enchant monster (good)
 22847 | Lair:2   | XOM: enchant monster (good)
 22897 | Lair:2   | XOM is BORED!
 22897 | Lair:2   | XOM: repel stairs
 22972 | Lair:1   | HP: 1/81 [komodo dragon (30)]
 23221 | Lair:1   | XOM: cleaving
 23262 | Lair:2   | XOM: give mutations
 23262 | Lair:2   | Lost mutation: You are covered in fur. (AC +1) [Xom's
                  | mischief]
 23262 | Lair:2   | Gained mutation: You are resistant to electric shocks.
                  | (rElec) [Xom's mischief]
 23262 | Lair:2   | Lost mutation: Your flesh is very cold resistant. (rC++)
                  | [Xom's mischief]
 23262 | Lair:2   | Gained mutation: You are agile. (Dex +4, Str/Int -1) [Xom's
                  | mischief]
 23281 | Lair:2   | Found a frozen archway.
 23287 | IceCv    | Entered an ice cave
 23314 | IceCv    | XOM: divination: magic mapping
 23330 | IceCv    | XOM: cleaving
 23334 | IceCv    | XOM: 4-stop teleportation journey
 23522 | IceCv    | Noticed a death yak
 23522 | IceCv    | Noticed an ironbound frostheart
 23522 | IceCv    | Noticed an ironbound frostheart
 23522 | IceCv    | Noticed a death yak
 23537 | IceCv    | XOM: divination: detect items
 23541 | Lair:2   | Quit the game

Illustrated notes

Levels and vault maps discovered:
D:1:      roderic_crop_circles_arrival_small, layout_loops_cross, serial_shops,
          nicolae_shop_peninsula, shop, shop, nicolae_shop_just_a_little_nook,
          nicolae_shop_hallway_plus, kennysheep_pointless_box
D:2:      layout_basic
D:3:      layout_loops_ring, chei_slow_surprise, amethyst_killhole,
          minmay_misc_feat_diagonals
D:4:      layout_loops_ring, eino_curves_02, kennysheep_crisscross,
          uniq_natasha, uniq_robin
D:5:      layout_loops_ring, gammafunk_ghost_split, serial_shops, shop
D:6:      wad_woods_stonehenge, layout_loops_ring
D:7:      layout_rooms, minmay_temple_entry_from_below_a
D:8:      layout_basic, david_lair_generic, roderic_malta_cross,
          minmay_fractal_squares_5, uniq_jeremiah
D:9:      minmay_evil_eye, layout_stronghold, uniq_erolcha, uniq_erica
D:10:     layout_rooms, xom_shifter_show, serial_shops,
          nicolae_shop_tiny_real_fake_doors, uniq_snorg, uniq_fannar
D:11:     layout_roguey, minmay_misc_feat_five, nicolae_diode_basic,
          uniq_josephine
Lair:1:   layout_chaotic_city, st_stairs_9
Lair:2:   layout_gridlike, nicolae_swamp_entry_splash_gauntlet,
          spider_nest_entry_webs, portal_ice_cave_entry_pillars_1, uniq_amaemon

Skill      XL: |  1  2  3  4  5  6  7  8  9 10 11 12 |
---------------+-------------------------------------+-----
Stealth        | 1 3 4 6 7 9 10 11 | 11.1
Shapeshifting  | 1 2 3 4 6 7 |  7.9
Short Blades   | 4 5 6 7 8 9 10 | 10.2
Dodging        | 3 4 5 7 8 9 |  9.6
Fighting       | 4 5 6 7 |  7.4
Shields        | 1 2 4 5 6 8 |  8.5
Evocations     | 1 |  1.3

Action                     |  1- 3 |  4- 6 |  7- 9 | 10-12 || total
---------------------------+-------+-------+-------+-------++-------
  Melee: Dagger            |    77 |    77 |   400 |    14 ||   568
         Short sword       |     4 |       |    50 |  1099 ||  1153
         Tentacles         |    12 |    17 |   143 |   355 ||   527
         Constrict         |    14 |    11 |    74 |    89 ||   188
         Punch             |     1 |     1 |    11 |    19 ||    32
  Evoke: Wand              |       |       |       |    14 ||    14
         Phial of floods   |       |       |       |     1 ||     1
    Use: Scroll            |     6 |     1 |     7 |    13 ||    27
         Potion            |       |     3 |       |     8 ||    11
   Stab: Sleeping          |    12 |     3 |     8 |     5 ||    28
         Distracted        |       |       |     2 |     1 ||     3
         Petrified         |       |       |     1 |       ||     1
         Paralysed         |       |       |       |     1 ||     1
         Confused          |       |       |       |     6 ||     6
         Invisible         |       |       |       |     1 ||     1
 Armour: Skin              |     4 |     7 |    20 |    70 ||   101
  Dodge: Dodged            |    31 |    42 |   223 |   674 ||   970
  Block: Buckler           |     3 |    12 |   103 |   401 ||   519

Table legend: (Time is in decaauts)
 A = Elapsed time spent in this place.
 B = Non-inter-level travel time spent in this place.
 C = Inter-level travel time spent in this place.
 D = Time resting spent in this place.
 E = Time spent auto-exploring this place.
 F = Levels seen in this place.
 G = Mean time per level.
                   A        B        C        D        E       F      G
               +--------+--------+--------+--------+--------+-----+--------+
         Total |  22786 |  22323 |    463 |  11987 |   7606 |  14 | 1627.6 |
       Dungeon |  20547 |  20120 |    427 |  11363 |   6622 |  11 | 1867.9 |
          Lair |   1989 |   1954 |     35 |    451 |    956 |   2 |  994.5 |
      Ice Cave |    250 |    250 |      0 |    173 |     28 |   1 |  250.0 |
               +--------+--------+--------+--------+--------+-----+--------+

Top non-repeatable levels by time:
     D:1: 9423 daAuts
     D:9: 1932 daAuts
     D:8: 1815 daAuts
  Lair:1: 1730 daAuts
     D:2: 1633 daAuts
     D:4: 1219 daAuts
     D:5: 1131 daAuts
     D:6: 1119 daAuts
    D:10: 782 daAuts
     D:7: 698 daAuts
     D:3: 660 daAuts
  Lair:2: 258 daAuts
   IceCv: 250 daAuts
    D:11: 131 daAuts
